 Dungeon Crawl Stone Soup version 0.29.1-12-g30fa7ad0bf (webtiles) character file.

Game seed: 16723970478185200387

81173 MisterFreud the Warrior (level 15, -4/141 HPs)
             Began as a Minotaur Fighter on Dec 28, 2022.
             Was an Elder of Yredelemnul.
             Slain by a tarantella (10 damage)
             ... on level 1 of the Spider Nest.
             The game lasted 00:36:11 (30633 turns).

MisterFreud the Warrior (Minotaur Fighter)         Turns: 30633, Time: 00:36:11

Health: -4/141     AC: 21    Str: 28    XL:     15   Next: 25%
Magic:  20/21      EV:  8    Int:  5    God:    Yredelemnul [****..]
Gold:   1357       SH:  0    Dex: 14    Spells: 14/14 levels left

rFire   . . .      SeeInvis +   L - +3 scimitar (flame)
rCold   + + .      Faith    .   S - +1 kite shield {AC+3}
rNeg    + + .      Spirit   .   y - +0 chain mail
rPois   +          Reflect  .   M - +0 hat of the Dungeon {Fly rC+}
rElec   .          Harm     .   B - +0 cloak {rPois}
rCorr   .          Rampage  .   x - +3 pair of gloves "Notsasof" {-Cast rC+ Stlth+}
Will    +....      NoCast   +   h - +0 pair of boots of Words of Power {rPois rF- rN++ Dex+4}
Stlth   ..........              b - amulet of the acrobat
HPRegen 0.33/turn               I - ring of protection from fire
MPRegen 0.17/turn               f - ring of see invisible

@: confused, flying
A: horns 2, retaliatory headbutt
a: Renounce Religion, Recall Undead Harvest, Dark Bargain, Drain Life


You were on level 1 of the Spider Nest.
You worshipped Yredelemnul.
Yredelemnul was aware of your devotion.
You visited 5 branches of the dungeon, and saw 24 of its levels.

You collected 1921 gold pieces.
You spent 564 gold pieces at shops.

Inventory:

Hand Weapons
 a - a +1 vampiric long sword
 L - a +3 scimitar of flaming (weapon)
Missiles
 t - 8 javelins
 v - 5 datura-tipped darts (quivered)
 z - 19 boomerangs
 H - 2 throwing nets
 V - 12 poisoned darts
 W - 4 curare-tipped darts
Armour
 h - the +0 pair of boots of Words of Power (worn) {rPois rF- rN++ Dex+4}
   (You found it on level 13 of the Dungeon)

   Dex:       It affects your dexterity (+4).
   rF:        It makes you vulnerable to fire.
   rPois:     It protects you from poison.
   rN:        It greatly protects you from negative energy.
 x - the +3 pair of gloves "Notsasof" (worn) {-Cast rC+ Stlth+}
   (You bought it in a shop on level 1 of the Dungeon)

   rC:        It protects you from cold.
   -Cast:     It prevents spellcasting.
   Stlth:     It makes you more stealthy.
 y - a +0 chain mail (worn)
 B - a +0 cloak of poison resistance (worn)
 M - the +0 hat of the Dungeon (worn) {Fly rC+}
   (You found it on level 9 of the Dungeon)

   rC:        It protects you from cold.
   Fly:       It grants you flight.
 S - a +1 kite shield of protection (worn)
Jewellery
 b - an amulet of the acrobat (around neck)
 e - a +6 ring of dexterity
 f - a ring of see invisible (right hand)
 E - an amulet of guardian spirit
 G - a ring of protection from cold
 I - a ring of protection from fire (left hand)
 J - a ring of willpower
 Q - a ring of positive energy
Wands
 l - a wand of flame (27)
 n - a wand of roots (24)
 A - a wand of digging (3)
 F - a wand of acid (10)
 K - a wand of polymorph (8)
 N - a wand of charming (14)
Scrolls
 g - a scroll of butterflies
 i - 7 scrolls of blinking
 o - 13 scrolls of teleportation
 w - a scroll of silence
 O - a scroll of brand weapon
 R - 4 scrolls of amnesia
 T - 2 scrolls of fear
 U - 2 scrolls of enchant armour
 X - 6 scrolls of identify
 Y - 3 scrolls of magic mapping
Potions
 c - a potion of invisibility
 d - 2 potions of might
 j - 5 potions of flight
 k - 4 potions of mutation
 m - a potion of heal wounds
 p - 2 potions of resistance
 q - 2 potions of lignification
 r - 3 potions of brilliance
 s - 2 potions of berserk rage
 u - 2 potions of attraction
 D - a potion of cancellation
 P - 8 potions of curing
 Z - 3 potions of magic {unknown}
Miscellaneous
 C - a tin of tremorstones (2/2)


   Skills:
 - Level 15.0 Fighting
 + Level 14.9 Long Blades
 - Level 10.0 Armour
 - Level 15.0 Shields
 - Level 10.0 Invocations
 - Level 12.0 Evocations


You had 14 spell levels left.
You didn't know any spells.
Your spell library contained the following spells:

 Spells                   Type           Power      Damage    Failure   Level
 Foxfire                  Conj/Fire      0%         2x1d4     99%         1
 Freeze                   Ice            0%         1d3       99%         1
 Necrotise                Necr           0%         1d4       99%         1
 Summon Small Mammal      Summ           0%         N/A       99%         1
 Blink                    Tloc           0%         N/A       99%         2
 Ensorcelled Hibernation  Hex/Ice        0%         N/A       99%         2
 Passwall                 Tmut/Erth      0%         N/A       99%         2
 Frozen Ramparts          Ice            0%         1d1       100%        3
 Gell's Gravitas          Tloc           0%         N/A       100%        3
 Inner Flame              Hex/Fire       0%         N/A       100%        3
 Lesser Beckoning         Tloc           0%         N/A       100%        3
 Summon Guardian Golem    Hex/Summ       0%         N/A       100%        3
 Swiftness                Air            0%         N/A       100%        3
 Teleport Other           Tloc           0%         N/A       100%        3
 Vampiric Draining        Necr           0%         2d6       100%        3
 Cause Fear               Hex            0%         N/A       100%        4
 Fulminant Prism          Conj/Hex       0%         3d6       100%        4
 Hailstorm                Conj/Ice       0%         3d3       100%        4
 Passage of Golubria      Tloc           0%         N/A       100%        4
 Summon Ice Beast         Ice/Summ       0%         N/A       100%        4
 Agony                    Necr           0%         N/A       100%        5
 Manifold Assault         Tloc           0%         N/A       100%        5
 Silence                  Hex/Air        0%         N/A       100%        5
 Summon Forest            Summ/Tloc      0%         N/A       100%        5
 Summon Mana Viper        Hex/Summ       0%         N/A       100%        5
 Eringya's Noxious Bog    Tmut/Pois      0%         N/A       100%        6
 Iron Shot                Conj/Erth      0%         9d1       100%        6
 Summon Cactus Giant      Summ           0%         N/A       100%        6
 Summon Hydra             Summ           0%         N/A       100%        7
 Discord                  Hex            0%         N/A       100%        8
 Lehudib's Crystal Spear  Conj/Erth      0%         10d2      100%        8


Dungeon Overview and Level Annotations

Branches:
Dungeon (15/15)            Temple (1/1) D:6            Lair (5/5) D:10
  Swamp (0/4) Lair:2       Spider (1/4) Lair:3        Slime (0/5) Lair:5
    Orc (2/2) D:10            Elf (0/3) Orc:2        Vaults (0/5) D:14
 Depths (0/4) D:15

Altars:
Ashenzari
Cheibriados
Dithmenos
Fedhas
Hepliaklqana
Kikubaaqudgha
Makhleb
Okawaru
Qazlal
Ru
Trog
Vehumet
Wu Jian
Xom
Yredelemnul
Zin
The Shining One
Lugonu

Shops:
D:1 [=*   D:10 ?   Orc:2 :*((

Portals:
Abyss: Lair:5

Annotations:
D:6 3 runed translucent doors, stringoo's ghost, novice OpDe
D:12 2 transporters, zielscheibe's ghost, journeyman VSFi
D:14 exclusion: ice statue
Lair:5 exclusion: oklob plant


Innate Abilities, Weirdness & Mutations

You have a pair of horns on your head.
You reflexively headbutt those who attack you in melee.


Message History

The tarantella goes berserk!
The moth of wrath goads the tarantella on!
The tarantella goes berserk!
Mlioglotl hits you. Mlioglotl tramples you!
You are shoved backwards!
The roots lose their grip on Mlioglotl.
Unknown command.
You slash Mlioglotl! You burn Mlioglotl.
You headbutt Mlioglotl, but do no damage.
Mlioglotl is almost dead.
You block the moth of wrath's attack. You block the tarantella's attack. x2
The orb spider pulsates with a strange energy.
Mlioglotl hits you!
Mlioglotl tramples you but does no damage.
You slash Mlioglotl! You burn Mlioglotl.
You kill Mlioglotl!
A black mist starts to gather...
You can now trade souls for undead servants.
The tarantella barely misses you. You furiously retaliate!
You headbutt the tarantella! The tarantella touches you!!
The moth of wrath completely misses you.
You furiously retaliate!
You headbutt the moth of wrath!
Jorgrun points at the orb spider and mumbles some strange words.
The iron shot hits the orb spider!!!
The orb spider dies!
The dead are crawling!
The tarantella touches you!
You are confused.
The tarantella touches you but does no damage.
You can now drain ambient life force.
Unknown command.
You closely miss the tarantella. Your headbutt misses the tarantella.
The tarantella touches you.
* * * LOW HITPOINT WARNING * * *
You are more confused.
The tarantella misses you. The moth of wrath bites you!
* * * LOW HITPOINT WARNING * * *
The tarantella touches you!!
* * * LOW HITPOINT WARNING * * *
You are more confused.
The tarantella touches you!
You die...
Your body rises from the dead as a mindless zombie.

$ ## #.###.#
#......##
#.......##
.........## #..
......Zs..#.....
.......<@...#
.......sy...#
........°..Z#
.........Z..#
...##.......# ..
#####..... .
....## ....#


You could see a moth of wrath, 2 tarantellas, the friendly Mlioglotl the
spectre, the friendly Jorgrun the bound dwarf (slow) and a friendly orb spider
zombie.

Vanquished Creatures
  Mlioglotl (Spider:1)
  An ice dragon (D:15)
  3 hydras
  A death knight (D:15)
  An ogre mage (D:15)
  A catoblepas (D:14)
  Erica (D:9)
  A boulder beetle (Lair:3)
  An anaconda (shapeshifter) (D:14)
  A two-headed ogre (D:15)
  2 death yaks (Lair:4)
  4 centaur warriors
  3 tengu warriors
  2 thrashing horrors (Lair:5)
  A shadow wraith (D:14)
  A deep troll (D:14)
  2 bog bodies (Lair:2)
  A deep elf pyromancer (D:12)
  A lindwurm (shapeshifter) (Lair:5)
  An orc knight (D:12)
  3 ugly things
  2 manticores
  5 cyclopes
  5 elephants
  4 black mambas
  A cane toad (shapeshifter) (D:14)
  4 gargoyles
  8 cane toads
  4 rime drakes
  3 freezing wraiths (D:15)
  An unseen horror (Lair:4)
  7 komodo dragons
  4 trolls
  2 meliai (D:13)
  A polar bear (Lair:2)
  16 blink frogs
  6 slime creatures
  A shadow (D:10)
  A spriggan (D:9)
  4 wyverns
  A ynoxinul (Lair:5)
  24 yaks
  A basilisk (Lair:5)
  Eustachio (D:6)
  3 steam dragons (D:8)
  A vampire mosquito (D:12)
  Menkaure (D:6)
  A chaos spawn (Lair:5)
  2 swamp worms (Lair:2)
  8 water moccasins
  25 orc warriors
  2 black bears
  An ice beast (D:6)
  A sky beast (D:7)
  7 centaurs
  5 ogres
  7 wolves
  A necrophage (D:7)
  5 scorpions
  8 bullfrogs
  11 wights
  10 killer bees
  4 small abominations (Lair:5)
  An electric eel (Lair:4)
  3 howler monkeys
  3 jellies
  9 orc priests
  7 hounds
  5 iguanas
  Ijyb (D:4)
  15 orc wizards
  3 hell rats (Lair:2)
  8 gnolls
  9 adders
  7 river rats (Lair:2)
  3 shadow imps
  4 white imps
  A worm (D:2)
  46 orcs
  6 endoplasms
  4 giant cockroaches
  14 goblins
  7 hobgoblins
  4 jackals
  3 quokkas
  4 ball pythons
  3 bats
  5 frilled lizards
  6 kobolds
  9 rats
432 creatures vanquished.

Vanquished Creatures (collateral kills)
  A fire dragon (D:15)
  3 boulder beetles
  3 two-headed ogres (D:15)
  2 death yaks (Lair:4)
  A tengu warrior (D:15)
  2 thrashing horrors (Lair:5)
  The ghost of gargbit the Covert, a novice OpFi of Ashenzari (D:8)
  An orb spider (Spider:1)
  A deep elf pyromancer (D:14)
  3 ugly things
  2 manticores
  2 cyclopes
  4 elephants
  3 cane toads
  Maggie (D:9)
  A smoke demon (Lair:5)
  2 rime drakes
  7 komodo dragons
  2 ancient zymes (Lair:5)
  A meliai (shapeshifter) (D:15)
  A meliai (D:13)
  3 trolls (D:12)
  A polar bear (Lair:5)
  9 blink frogs
  6 slime creatures
  A culicivora (Lair:3)
  A centaur simulacrum (D:14)
  3 wraiths
  A jumping spider (Lair:3)
  3 wyverns
  14 yaks
  A basilisk (Lair:5)
  A chaos spawn (Lair:5)
  A vampire mosquito (D:12)
  A redback (Lair:3)
  5 small abominations (Lair:5)
  A warg (Orc:2)
  A swamp worm (Lair:2)
  2 large abominations (Lair:5)
  4 water moccasins
  14 orc warriors
  3 ogres
  A wolf (Lair:5)
  3 centaurs (Orc:2)
  4 bullfrogs
  A gnoll sergeant (D:11)
  A wight (D:9)
  A killer bee (D:10)
  An electric eel (Lair:2)
  A howler monkey (D:11)
  A centaur zombie (D:9)
  An orc priest (Orc:1)
  5 orc wizards
  2 gnolls (D:11)
  4 river rats (Lair:2)
  A shadow imp (D:7)
  25 orcs
  A frilled lizard (D:12)
  An orc zombie (D:13)
  A rat (Lair:2)
175 creatures vanquished.

Vanquished Creatures (others)
  A spectral wolf spider (Lair:4)
  3 centaur zombies
  An unseen horror zombie (Lair:4)
  A meliai zombie (D:13)
  A black mamba zombie (Lair:5)
  A slime creature zombie (D:13)
  An elephant zombie (Lair:5)
  2 vampire mosquito zombies (D:12)
  4 blink frog zombies (Lair:5)
  2 rime drake zombies (Lair:5)
  A komodo dragon zombie (Lair:5)
  A cyclops zombie (D:12)
  A wyvern zombie (Lair:5)
  2 water moccasin zombies
  4 yak zombies
  2 wolf zombies (Lair:5)
  A bullfrog zombie (Lair:1)
  A killer bee zombie (D:8)
  An ogre zombie (D:12)
  A hell rat zombie (Lair:2)
  A steam dragon zombie (D:8)
  An orc (Orc:2)
  2 river rat zombies (Lair:2)
  29 orc zombies
  A rat zombie (Lair:2)
  62 fungi
  70 plants
198 creatures vanquished.

Grand Total: 805 creatures vanquished

Notes
Turn   | Place    | Note
-------+----------+-------------------------------------------
     0 | D:1      | MisterFreud the Minotaur Fighter began the quest for the
                  | Orb.
     0 | D:1      | Reached XP level 1. HP: 19/19 MP: 0/0
    52 | D:1      | Found Toqog's Jewellery Shop.
    94 | D:1      | Found Riapejaq's Assorted Antiques.
   163 | D:1      | Reached XP level 2. HP: 28/28 MP: 1/1
   205 | D:1      | Found Numapohe's Antique Armour Shoppe.
  1028 | D:2      | Reached skill level 5 in Fighting
  1081 | D:2      | Found a faded altar of an unknown god.
  1090 | D:2      | Got Plato's Grimoire of Ignition
  1101 | D:2      | Reached XP level 3. HP: 36/36 MP: 2/2
  1645 | D:2      | Reached XP level 4. HP: 44/44 MP: 3/3
  3529 | D:4      | Noticed Ijyb
  3541 | D:4      | Killed Ijyb
  3542 | D:4      | Reached XP level 5. HP: 21/52 MP: 4/4
  3758 | D:4      | Got Sif Muna's Parchment of Mustering and Malediction
  3800 | D:4      | Identified the +0 ring mail of Qukhlei {rC+ SInv}
  4052 | D:4      | Reached XP level 6. HP: 61/61 MP: 5/5
  4192 | D:4      | Reached skill level 5 in Long Blades
  4273 | D:4      | Found a burning altar of Makhleb.
  4578 | D:5      | Entered Level 5 of the Dungeon
  4581 | D:5      | Reached XP level 7. HP: 63/68 MP: 6/6
  4716 | D:5      | Identified the +2 robe of Death's Door {rPois}
  5065 | D:5      | Reached skill level 5 in Armour
  5245 | D:5      | HP: 3/68 [orc warrior/+0 halberd (15)]
  5707 | D:5      | Reached XP level 8. HP: 75/75 MP: 7/7
  6524 | D:6      | Noticed Eustachio
  6549 | D:6      | Killed Eustachio
  6621 | D:6      | Reached skill level 10 in Fighting
  7023 | D:1      | Bought a pair of warped gloves for 228 gold pieces
  7023 | D:1      | Identified the +3 pair of gloves "Notsasof" {-Cast rC+
                  | Stlth+} (You bought it in a shop on level 1 of the Dungeon)
  7438 | D:6      | Found a staircase to the Ecumenical Temple.
  7440 | D:6      | Noticed Menkaure
  7448 | D:6      | Killed Menkaure
  7449 | D:6      | Reached XP level 9. HP: 64/85 MP: 8/8
  7464 | Temple   | Entered the Ecumenical Temple
  7464 | Temple   | Noticed a Brimstone Fiend
  7464 | Temple   | Noticed a shadow demon
  7464 | Temple   | Noticed a sun demon
  7464 | Temple   | Noticed a cacodemon
  7465 | Temple   | Noticed Ameg the pandemonium lord
  7466 | Temple   | Noticed Ithente the pandemonium lord
  7466 | Temple   | Noticed Qulumm the pandemonium lord
  7467 | Temple   | Noticed an orange demon
  7467 | Temple   | Noticed a Brimstone Fiend
  7550 | Temple   | Noticed Jilaxunkyrr the pandemonium lord
  7580 | Temple   | Noticed Ughoexung the pandemonium lord
  7625 | Temple   | Became a worshipper of Yredelemnul the Dark
  7686 | D:6      | Noticed stringoo's ghost (novice OpDe)
  7688 | D:6      | Found a runed translucent gate.
  7689 | D:6      | Found a runed translucent gate.
  7689 | D:6      | Found a runed translucent gate.
  7888 | D:7      | Reached skill level 10 in Long Blades
  7899 | D:7      | Reached * piety under Yredelemnul
  7900 | D:7      | Reached skill level 1 in Invocations
  7906 | D:7      | Reached ** piety under Yredelemnul
  7909 | D:7      | Identified the +0 pair of gloves "Hiuqaesa" {rC++ rN+
                  | Int+2}
  8385 | D:7      | Got Gomiemis's Guidebook on the Mortuary Throng
  8768 | D:7      | Reached *** piety under Yredelemnul
  9071 | D:8      | Reached skill level 5 in Invocations
  9235 | D:8      | Found a large runed translucent door.
  9235 | D:8      | Found a large runed translucent door.
  9241 | D:8      | Noticed gargbit's ghost (novice OpFi)
 10212 | D:8      | Killed gargbit's ghost
 10213 | D:8      | Reached XP level 10. HP: 82/93 MP: 8/15
 10608 | D:9      | Reached **** piety under Yredelemnul
 10845 | D:9      | Noticed Erica
 10857 | D:9      | Killed Erica
 10858 | D:9      | Reached skill level 10 in Armour
 11444 | D:9      | Noticed Maggie
 11454 | D:9      | Killed Maggie
 11523 | D:9      | Identified the +0 hat of the Dungeon {Fly rC+}
 11575 | D:9      | Reached ***** piety under Yredelemnul
 11636 | D:10     | Entered Level 10 of the Dungeon
 11722 | D:10     | Found Mizxetyf's Magic Scroll Shoppe.
 11728 | D:10     | Bought a scroll of teleportation for 33 gold pieces
 11728 | D:10     | Bought 2 scrolls of blinking for 165 gold pieces
 11728 | D:10     | Bought a scroll of teleportation for 33 gold pieces
 11734 | D:10     | Noticed a gargoyle
 11763 | D:10     | Killed a gargoyle
 12103 | D:10     | Got Ubashoph's Commentary on the Boulder and Curses
 12122 | D:10     | Reached XP level 11. HP: 95/99 MP: 14/16
 12184 | D:10     | Found a staircase to the Lair.
 12218 | D:10     | Reached skill level 5 in Shields
 12612 | D:10     | Found a staircase to the Orcish Mines.
 12878 | Lair:1   | Entered Level 1 of the Lair of Beasts
 13259 | Lair:1   | Noticed a boulder beetle
 13272 | Lair:1   | Killed a boulder beetle
 13272 | Lair:1   | Enslaved a boulder beetle
 13754 | Lair:1   | Identified the +1 ring mail of a volcano {rF++ Will- Str+2
                  | Int+3}
 13842 | Lair:1   | Reached ****** piety under Yredelemnul
 14186 | Lair:1   | Reached skill level 10 in Shields
 14635 | Lair:2   | Reached XP level 12. HP: 106/106 MP: 15/17
 14787 | Lair:2   | Noticed a seven-headed hydra
 14793 | Lair:2   | Killed a five-headed hydra
 15390 | Lair:2   | Found a staircase to the Swamp.
 16256 | Lair:3   | Noticed a boulder beetle
 16267 | Lair:3   | Killed a boulder beetle
 17294 | Lair:3   | Found a hole to the Spider Nest.
 17583 | Lair:4   | Noticed Nessos
 17595 | Lair:4   | HP: 5/115 [Nessos/arrow (10)]
 18035 | Lair:4   | Reached skill level 1 in Evocations
 18155 | Lair:4   | Noticed a boulder beetle
 18165 | Lair:4   | Killed a boulder beetle
 18477 | Lair:4   | Noticed Nessos
 18477 | Lair:4   | Nessos changed into Nessos the unseen horror
 18489 | Lair:4   | Killed Nessos the unseen horror
 18508 | Lair:4   | Noticed a death yak
 18510 | Lair:4   | Noticed a death yak
 18510 | Lair:4   | Noticed a death yak
 18511 | Lair:4   | Noticed a death yak
 18516 | Lair:4   | Killed a death yak
 18520 | Lair:4   | Killed a death yak
 18524 | Lair:4   | Killed a death yak
 18525 | Lair:4   | Reached XP level 13. HP: 100/123 MP: 13/18
 18527 | Lair:4   | Reached skill level 5 in Evocations
 18565 | Lair:4   | Your ally Nessos died
 18924 | Lair:5   | Entered Level 5 of the Lair of Beasts
 19236 | Lair:5   | Found a staircase to the Slime Pits.
 19738 | Lair:5   | Paralysed by a chaos spawn for 2 turns
 19758 | Lair:5   | Reached skill level 15 in Fighting
 21234 | Lair:5   | Reached XP level 14. HP: 128/135 MP: 16/19
 21486 | Lair:5   | Found a corrupted altar of Lugonu.
 21486 | Lair:5   | Found a one-way gate to the infinite horrors of the Abyss.
 22822 | D:12     | Reached skill level 15 in Shields
 23274 | D:12     | Found a transporter.
 23340 | D:12     | Found a transporter.
 23350 | D:12     | Found a bloodstained altar of Trog.
 23350 | D:12     | Noticed zielscheibe's ghost (journeyman VSFi)
 23890 | D:12     | Found a sacrificial altar of Ru.
 24059 | D:13     | Identified the +0 pair of boots of Words of Power {rPois
                  | rF- rN++ Dex+4}
 24434 | D:13     | Reached skill level 10 in Invocations
 25993 | D:14     | Found a gate to the Vaults.
 26062 | D:14     | Noticed Jorgrun
 26082 | D:14     | Killed Jorgrun
 26082 | D:14     | Enslaved Jorgrun
 26401 | D:14     | Reached skill level 10 in Evocations
 27506 | D:15     | Entered Level 15 of the Dungeon
 28239 | D:15     | Reached XP level 15. HP: 53/141 MP: 21/21
 28591 | D:15     | Found a staircase to the Depths.
 29161 | Orc:1    | Entered Level 1 of the Orcish Mines
 29637 | Orc:2    | Entered Level 2 of the Orcish Mines
 29789 | Orc:2    | Found Nabuala's General Store.
 29789 | Orc:2    | Found Mirroesk's Weapon Emporium.
 29791 | Orc:2    | Found Jiobia's Weapon Shoppe.
 29793 | Orc:2    | Found Riomnur's Book Shop.
 29797 | Orc:2    | Bought a scroll of blinking for 105 gold pieces
 29888 | Orc:2    | Found a staircase to the Elven Halls.
 30621 | Spider:1 | Entered Level 1 of the Spider Nest
 30621 | Spider:1 | Noticed Mlioglotl
 30632 | Spider:1 | Killed Mlioglotl
 30633 | Spider:1 | HP: 6/141 [tarantella (18)]
 30633 | Spider:1 | Slain by a tarantella

Illustrated notes

Levels and vault maps discovered:
D:1:      dpeg_arrival_shelter, layout_basic, serial_shops,
          nicolae_diamond_shop, shop, nicolae_square_shop,
          wander_ebering_terrifying_dragon_lair
D:2:      minmay_spotlight, layout_loops_cross, serial_forest,
          infiniplex_forest_end_2, infiniplex_forest_end_3,
          infiniplex_forest_clump_curved, infiniplex_forest_clump_tiny,
          infiniplex_forest_end_3, infiniplex_forest_clump_diagonal,
          shapermc_ecumenical_altar_rom_forum
D:3:      layout_basic
D:4:      layout_basic, bloody_makhleb, kennysheep_generic_room_3, uniq_ijyb
D:5:      layout_layer_cave, st_stairs_12
D:6:      layout_loops_ring, minmay_temple_entry_mini_moons,
          gammafunk_ghost_split, minmay_ogre_servants, uniq_eustachio,
          uniq_menkaure
D:7:      layout_basic
D:8:      layout_basic, ebering_ghost_disaster_area
D:9:      layout_roguey, the_hattery, uniq_erica, uniq_maggie
D:10:     layout_gridville, david_lair_shrubbed, serial_shops,
          nicolae_square_shop
D:11:     layout_loops_corners
D:12:     layout_rooms, gammafunk_ghost_wrathful_warriors, special_room
          [special_room_orc], serial_glass, glass_columns_c, glass_columns_c,
          nicolae_ru_great_annihilating_truth
D:13:     layout_rooms
D:14:     lemuel_ice_statue, layout_long_grid, david_vaults_4,
          minmay_misc_feat_square, minivault_24, uniq_jorgrun
D:15:     grunt_enter_depths_hoard, layout_rooms, gauntlet_entry_generic,
          minmay_misc_feat_secret_circle, minmay_statues_item
Temple:   nicolae_temple_panitentiary
Lair:1:   layout_regular_city, serial_bayou_shore_a, serial_bayou_shore_b,
          grunt_megastairs_3, infiniplex_staircase_pool_2
Lair:2:   layout_cave_pods, nicolae_swamp_entry_splash_gauntlet,
          kennysheep_abandoned_house
Lair:3:   layout_regular_city, spider_nest_entry_funnel_web
Lair:4:   layout_cave_shapes, nicolae_quartered_pool_medium, uniq_nessos
Lair:5:   hellmonk_lair_end_abyssal_woods, layout_hall_layers,
          minmay_slime_entry_oklob_open, grunt_megastairs_4
Spider:1: layout_chambers, uniq_mlioglotl
Orc:1:    layout_diamond_mine, mines1_david
Orc:2:    st_orc_rangers, layout_caves

Skill      XL: |  1  2  3  4  5  6  7  8  9 10 11 12 13 14 15 |
---------------+----------------------------------------------+-----
Fighting       | 4 5 7 8 10 13 15 | 15.0
Long Blades    | 3 5 6 9 10 12 14 | 14.9
Armour         | 6 10 | 10.0
Shields        | 4 10 12 14 15 | 15.0
Invocations    | 8 10 | 10.0
Evocations     | 4 8 11 12 | 12.0

Action                   |  1- 3 |  4- 6 |  7- 9 | 10-12 | 13-15 || total
-------------------------+-------+-------+-------+-------+-------++-------
Melee: Long sword        |    82 |   117 |   380 |   357 |   119 ||  1055
       Headbutt          |     9 |    29 |    86 |   144 |   187 ||   455
       Scimitar          |       |       |       |   193 |   586 ||   779
Invok: Recall Undead Har |       |       |     1 |     5 |     7 ||    13
       Dark Bargain      |       |       |     1 |     1 |       ||     2
       Bind Soul         |       |       |       |     2 |     2 ||     4
       Drain Life        |       |       |       |       |     2 ||     2
Evoke: Wand              |       |       |       |     4 |       ||     4
  Use: Scroll            |     7 |     6 |     7 |    10 |     1 ||    31
       Potion            |       |       |     2 |     5 |     4 ||    11
 Stab: Distracted        |       |       |       |     8 |    12 ||    20
       Petrified         |       |       |       |       |     3 ||     3
       Petrifying        |       |       |       |       |     1 ||     1
Armor: Scale mail        |    42 |    42 |    57 |       |       ||   141
       Chain mail        |       |       |   101 |   219 |   251 ||   571
Dodge: Dodged            |    33 |    39 |   115 |   165 |   183 ||   535
Block: Buckler           |    20 |    29 |   109 |    46 |       ||   204
       Kite shield       |       |       |       |   220 |   501 ||   721
